 Dungeon Crawl Stone Soup version 0.22-a0-377-g846bec1 (webtiles) character file.

67 BaronVonScrub the Chopper (level 4, 0/33 HPs)
             Began as a Demonspawn Gladiator on Apr 27, 2018.
             Succumbed to an adder's poison
             ... on level 2 of the Dungeon.
             The game lasted 00:05:50 (1068 turns).

BaronVonScrub the Chopper (Demonspawn Gladiator)    Turns: 1068, Time: 00:05:51

Health: 0/33       AC:  4    Str: 15    XL:     4   Next: 0%
Magic:  4/4        EV: 13    Int:  9    God:
Gold:   40         SH:  0    Dex: 17    Spells: 3/3 levels left

rFire    . . .     SeeInvis .   a - +0 war axe
rCold    + . .     Gourm    .   (no shield)
rNeg     . . .     Faith    .   e - +0 leather armour
rPois    .         Spirit   .   c - +0 helmet
rElec    .         Reflect  .   (no cloak)
rCorr    .         Harm     .   (no gloves)
MR       .....                  (no boots)
Stlth    +.........             (no amulet)
HPRegen  0.11/turn              g - ring of protection from cold
MPRegen  0.09/turn              m - +2 ring of dexterity

@: lethally poisoned (0 -> -9)
A: claws 2, demonic guardian 1
a: no special abilities


You were on level 2 of the Dungeon.
You were hungry.

You visited 1 branch of the dungeon, and saw 2 of its levels.

You collected 40 gold pieces.

Inventory:

Hand Weapons
 a - a +0 war axe (weapon)
Missiles
 d - 3 throwing nets (quivered)
Armour
 b - a +0 leather armour
 c - a +0 helmet (worn)
 e - a +0 leather armour (worn)
Jewellery
 g - a ring of protection from cold (left claw)
 m - a +2 ring of dexterity (right claw)
Scrolls
 h - 3 scrolls of identify
 i - a scroll of teleportation
Comestibles
 f - 5 rations


   Skills:
 + Level 2.2 Fighting
 + Level 3.7 Axes
 - Level 1.7 Throwing
 + Level 0.5 Armour
 + Level 3.3 Dodging


You had 3 spell levels left.
You didn't know any spells.

Dungeon Overview and Level Annotations

Branches:
Dungeon (2/15)

Altars:
Dithmenos
The Shining One


Innate Abilities, Weirdness & Mutations

You have very sharp fingernails.
A weak demonic guardian rushes to your aid.


Message History

You feel sick. The adder closely misses you. x2
You miss the adder.
The adder is severely wounded.
* * * LOW HITPOINT WARNING * * *
You feel sick. The adder bites you.
* * * LOW HITPOINT WARNING * * *
The adder bites you but does no damage.
You barely miss the adder.
The adder is severely wounded.
* * * LOW HITPOINT WARNING * * *
You feel sick. The adder barely misses you. The adder misses you.
You hit the adder.
You kill the adder!
You have reached level 4!
You feel agile.
Your demonic ancestry asserts itself...
Your fingernails sharpen.
* * * LOW HITPOINT WARNING * * *
You feel sick. The adder bites you but does no damage.
You barely miss the adder.
You die...

#............(...
###.####.....##....
...........####...
.######..###.....##....
....)...†###...........
.......<.†.#.......##..
.#########.#......###..
#####..........##..#
###.S@...##†.........
####...####.###..........
!?.............[......##..
.......######...........##
###S.###########..........
.... .<........#.##...##
.... .....##.....##....#
##. #................. #.
###.##.######...##


You could see an adder and a ball python (wandering).

Vanquished Creatures
  An adder (D:2)
  4 oozes
  3 dart slugs (D:1)
  4 bats
  3 giant cockroaches (D:1)
  4 goblins
  6 hobgoblins (D:1)
  A ball python (D:2)
  A frilled lizard (D:2)
  4 kobolds (D:1)
  6 rats
37 creatures vanquished.

Notes
Turn   | Place    | Note
-------+----------+-------------------------------------------
     0 | D:1      | BaronVonScrub the Demonspawn Gladiator began the quest for the Orb.
     0 | D:1      | Reached XP level 1. HP: 16/16 MP: 1/1
   122 | D:1      | Gained mutation: A weak demonic guardian rushes to your aid. [demonic ancestry]
   122 | D:1      | Reached XP level 2. HP: 22/22 MP: 2/2
   309 | D:1      | Gained mutation: You have sharp fingernails. [demonic ancestry]
   309 | D:1      | Reached XP level 3. HP: 27/27 MP: 3/3
   471 | D:1      | Found a glowing golden altar of the Shining One.
   927 | D:2      | Found a shadowy altar of Dithmenos.
  1066 | D:2      | HP: 1/27 [poisoned by an adder]
  1067 | D:2      | Gained mutation: You have very sharp fingernails. [demonic ancestry]
  1067 | D:2      | Reached XP level 4. HP: 2/33 MP: 4/4
  1068 | D:2      | Succumbed to an adder's poison

Vault maps used:
D:1:      erik_arrival_gehennom, minmay_misc_feat_five, tso_altar
D:2:      nicolae_dithmenos_shadow_blocks

Skill      XL: |  1  2 |
---------------+-------+-----
Axes           | 3 |  3.7
Dodging        | 3 |  3.3
Fighting       | |  2.2
Throwing       | |  1.7
Armour         | |  0.5

Action                   |  1- 3 |  4- 6 || total
-------------------------+-------+-------++-------
Melee: War axe           |    98 |     1 ||    99
  Use: Potion            |     3 |       ||     3
       Scroll            |     2 |       ||     2
 Stab: Sleeping          |     1 |       ||     1
Armor: Leather armour    |    35 |     1 ||    36
Dodge: Dodged            |    77 |       ||    77

Table legend:
 A = Spawn XP
 B = Non-spawn XP
 C = Spawn XP percentage of total XP
 D = Spawn monster count
 E = Non-spawn monster count
 F = Spawn count percentage of total count
 G = Total turns spent on level
                    A         B        C        D         E        F      G
               +---------+---------+-------+---------+---------+-------+---------
         Total |       0 |      97 |   0.0 |       0 |      37 |   0.0 |  1068
               +---------+---------+-------+---------+---------+-------+---------
           D:1 |       0 |      61 |   0.0 |       0 |      27 |   0.0 |   885
           D:2 |       0 |      36 |   0.0 |       0 |      10 |   0.0 |   183
               +---------+---------+-------+---------+---------+-------+---------
